 Dungeon Crawl Stone Soup version 0.30.0-18-gc0e69614cb (webtiles) character file.

Game seed: 1447804808409325832

413 cowcol the Chopper (level 6, -2/55 HPs)
             Began as a Minotaur Fighter on May 25, 2023.
             Was an Initiate of Okawaru.
             Slain by an ogre
             ... wielding a +0 giant club
              (23 damage)
             ... on level 5 of the Dungeon.
             The game lasted 00:09:51 (4258 turns).

cowcol the Chopper (Minotaur Fighter)               Turns: 4258, Time: 00:09:52

Health: -2/55      AC:  7    Str: 20 (23) XL:     6   Next: 59%
Magic:  5/5        EV:  9    Int:  2 (5)  God:    Okawaru [......]
Gold:   182        SH:  5    Dex:  6 (9)  Spells: 5/5 levels left

rFire   . . .        a - +0 war axe
rCold   . . .        c - +1 buckler
rNeg    . . .        b - +0 scale mail
rPois   .            (helmet restricted)
rElec   .            (no cloak)
rCorr   +            (no gloves)
SInv    .            (no boots)
Will    .....        o - amulet of the acrobat Stlth
                     e - ring of resist corrosion
HPRegen 0.29/turn    (no ring)
MPRegen 0.09/turn

%: acrobat
@: no status effects
A: horns 2, retaliatory headbutt
a: Renounce Religion


You were on level 5 of the Dungeon.
You worshipped Okawaru.
Okawaru was noncommittal.
You visited 2 branches of the dungeon, and saw 6 of its levels.

You collected 182 gold pieces.

Inventory:

Hand Weapons
 a - a +0 war axe (weapon)
 n - a +1 hand axe of flaming
Missiles
 j - 4 boomerangs (quivered)
Armour
 b - a +0 scale mail (worn)
 c - a +1 buckler (worn)
Jewellery
 e - a ring of resist corrosion (left hand)
 o - an amulet of the acrobat (around neck)
Wands
 m - a wand of roots (7)
 u - a wand of mindburst (22)
Scrolls
 h - 2 scrolls of poison
 k - a scroll of fear
 p - a scroll of enchant weapon {unknown}
 s - a scroll of brand weapon {unknown}
 t - 3 scrolls of teleportation
 v - a scroll of summoning {unknown}
Potions
 d - a potion of magic {unknown}
 f - a potion of haste {unknown}
 g - a potion of curing
 i - a potion of heal wounds
 l - a potion of attraction
 q - a potion of cancellation
 r - a potion of invisibility {unknown}
 w - a potion of brilliance {unknown}


   Skills:
 + Level 4.8 Fighting
 + Level 5.7 Axes
 + Level 1.0 Throwing
 + Level 5.5 Armour
 - Level 0.2 Dodging
 + Level 4.6 Shields


You had 5 spell levels left.
You didn't know any spells.
Your spell library contained the following spells:

 Spells                   Type           Power      Damage    Failure   Level
 Magic Dart               Conj           0%         1d3       91%         1
 Sandblast                Erth           0%         2d4       91%         1
 Shock                    Conj/Air       0%         1d3       91%         1
 Passwall                 Tmut/Erth      0%         N/A       97%         2
 Mephitic Cloud           Conj/Pois/Air  0%         N/A       100%        3
 Portal Projectile        Hex/Tloc       0%         N/A       100%        3
 Stone Arrow              Conj/Erth      0%         3d7       100%        3
 Swiftness                Air            0%         N/A       100%        3
 Airstrike                Air            0%         2d(0-16)  100%        4
 Blade Hands              Tmut           0%         N/A       100%        5
 Call Imp                 Summ           Unusable   N/A       N/A         2
 Tukima's Dance           Hex            Unusable   N/A       N/A         3

Dungeon Overview and Level Annotations

Branches:
Dungeon (5/15)             Temple (1/1) D:4

Altars:
Ashenzari
Dithmenos
Gozag
Hepliaklqana
Makhleb
Nemelex Xobeh
Okawaru
Qazlal
Ru
Uskayaw
Vehumet
The Shining One


Innate Abilities, Weirdness & Mutations

You have a pair of horns on your head.
You reflexively headbutt those who attack you in melee.


Message History

The orc shouts!
Items here: )) [[ ††.
The orc barely misses you.
You closely miss the orc. The orc hits you but does no damage.
You hit the orc. Your headbutt misses the orc.
The orc is almost dead.
The orc hits you with a +0 whip.
You closely miss the orc.
The orc is almost dead.
The orc hits you with a +0 whip.
You barely miss the orc.
The orc is severely wounded.
You block the orc's attack. The orc closely misses you.
You hit the orc.
You kill the orc!
Okawaru accepts your kill.
You see here a +0 whip.
You start resting.
HP restored.
Found a stone staircase leading up.
An ogre comes into view. It is wielding a +0 giant club.
The ogre shouts!
You hit the ogre. Your headbutt misses the ogre.
The ogre is lightly wounded.
The ogre hits you with a +0 giant club!
You slash the ogre! Your headbutt misses the ogre.
The ogre is moderately wounded.
The ogre hits you with a +0 giant club!!
You hit the ogre.
The ogre is moderately wounded.
The ogre barely misses you.
You barely miss the ogre.
The ogre is moderately wounded.
You barely miss the ogre.
The ogre is moderately wounded.
The ogre barely misses you.
You barely miss the ogre.
The ogre is moderately wounded.
The ogre hits you with a +0 giant club!!
You die...

## #.# #.. #.# ##..
#.# #...#########.#
.. ..........#.#
...##.######.#.#
#.....####...######
#...............#
###@##########.##
#.....O.....#
#####.#####.# #$#
#<# ###


You could see an ogre.

Vanquished Creatures
  A phantom (D:4)
  A jelly (D:4)
  2 hounds
  2 iguanas (D:4)
  3 gnolls (D:3)
  6 adders
  A white imp (D:5)
  2 worms
  A dart slug (D:4)
  8 orcs
  3 bats
  13 endoplasms
  5 giant cockroaches
  7 goblins
  4 hobgoblins
  15 kobolds
  3 quokkas
  2 ball pythons
  A frilled lizard (D:1)
  3 rats
83 creatures vanquished.

Notes
Turn   | Place    | Note
-------+----------+-------------------------------------------
     0 | D:1      | cowcol the Minotaur Fighter began the quest for the Orb.
     0 | D:1      | Reached XP level 1. HP: 19/19 MP: 0/0
   306 | D:1      | Reached XP level 2. HP: 24/27 MP: 1/1
  1307 | D:2      | Reached XP level 3. HP: 33/33 MP: 2/2
  2089 | D:3      | Reached XP level 4. HP: 23/40 MP: 3/3
  3267 | D:4      | Reached XP level 5. HP: 47/47 MP: 4/4
  3468 | D:4      | Reached skill level 1 in Throwing
  3468 | D:4      | Reached skill level 5 in Armour
  3597 | D:4      | Reached skill level 5 in Axes
  3637 | D:4      | Reached XP level 6. HP: 53/53 MP: 5/5
  3815 | D:4      | Found a staircase to the Ecumenical Temple.
  3821 | Temple   | Entered the Ecumenical Temple
  3880 | Temple   | Became a worshipper of Warmaster Okawaru
  4053 | D:5      | Entered Level 5 of the Dungeon
  4258 | D:5      | Slain by an ogre

Illustrated notes

Levels and vault maps discovered:
D:1:      co_arrival_random_square_maze, layout_basic
D:2:      layout_basic
D:3:      layout_basic
D:4:      cheibrodos_fertilizer, layout_rooms,
          minmay_temple_entry_enclosed_plants
D:5:      layout_basic
Temple:   nicolae_temple_hex_pool

Skill      XL: |  1  2  3  4  5 |
---------------+----------------+-----
Fighting       | 4 |  4.8
Armour         | 4 5 |  5.5
Axes           | 3 4 5 |  5.7
Shields        | 4 |  4.6
Throwing       | 1 |  1.0
Dodging        | |  0.2

Action                     |  1- 3 |  4- 6 || total
---------------------------+-------+-------++-------
  Melee: War axe           |    80 |   107 ||   187
         Headbutt          |     9 |    10 ||    19
  Throw: Boomerang         |     9 |       ||     9
    Use: Scroll            |     4 |     2 ||     6
         Potion            |     2 |     4 ||     6
 Armour: Scale mail        |    44 |    36 ||    80
  Dodge: Dodged            |    35 |    47 ||    82
  Block: Buckler           |    30 |    32 ||    62
